 Dungeon Crawl Stone Soup version 0.31-a0-233-g139696dc86 (webtiles) character file.

Game seed: 383037742685530002

87 Iniera the Cutter (level 4, -7/27 HPs)
             Began as a Tengu Gladiator on July 8, 2023.
             Mangled by a gnoll
             ... wielding a +0 flail
              (12 damage)
             ... on level 3 of the Dungeon.
             The game lasted 00:01:56 (1627 turns).

Iniera the Cutter (Tengu Gladiator)                 Turns: 1627, Time: 00:01:57

Health: -7/27      AC:  3    Str: 15    XL:     4   Next: 51%
Magic:  5/5        EV: 13    Int:  8    God:
Gold:   144        SH:  0    Dex: 17    Spells: 3/3 levels left

rFire   . . .        a - +0 rapier
rCold   . . .        (no shield)
rNeg    . . .        b - +0 leather armour
rPois   .            c - +0 hat
rElec   .            (no cloak)
rCorr   .            (no gloves)
SInv    .            (boots unavailable)
Will    .....        (no amulet)
Stlth   +            (no ring)
HPRegen 0.24/turn    (no ring)
MPRegen 0.09/turn

%: no passive effects
@: no status effects
A: beak, talons 3
a: no special abilities


You were on level 3 of the Dungeon.
You visited 1 branch of the dungeon, and saw 3 of its levels.

You collected 144 gold pieces.

Inventory:

Hand Weapons
 a - a +0 rapier (weapon)
Missiles
 d - 2 throwing nets (quivered)
Armour
 b - a +0 leather armour (worn)
 c - a +0 hat (worn)
Scrolls
 h - a scroll of blinking
 i - a scroll of identify
Potions
 f - a potion of resistance
 g - 3 potions of enlightenment
 j - a potion of might
 l - 2 potions of berserk rage


   Skills:
 + Level 2.8 Fighting
 * Level 4.6 Short Blades
 - Level 2.0 Throwing
 + Level 4.0 Dodging


You had 3 spell levels left.
You didn't know any spells.
Your spell library contained the following spells:

 Spells                   Type           Power      Damage    Failure   Level
 Freeze                   Ice            0%         1d3       47%         1
 Frozen Ramparts          Ice            0%         1d1       85%         3
 Gell's Gravitas          Tloc           0%         N/A       85%         3
 Hailstorm                Conj/Ice       0%         3d3       85%         3
 Teleport Other           Tloc           0%         N/A       85%         3
 Dispersal                Tloc           0%         N/A       100%        6


Dungeon Overview and Level Annotations

Branches:
Dungeon (3/15)

Altars:
Ashenzari
Yredelemnul

Shops:
D:1 *:   D:2 **


Innate Abilities, Weirdness & Mutations

You have a beak for a mouth.
You have claws for feet.


Message History

The jackal barely misses you.
The jackal bites you but does no damage.
The jackal completely misses you. The jackal misses you.
The jackal attacks as you move away!
The jackal bites you but does no damage.
The jackal attacks as you move away!
The jackal bites you but does no damage.
The jackal closely misses you.
You hit the jackal.
You kill the jackal!
The gnoll barely misses you. The gnoll hits you with a +0 halberd.
You hit the gnoll. Your kick misses the gnoll. Your peck misses the gnoll.
The gnoll is moderately wounded.
The gnoll misses you.
You barely miss the gnoll. You claw the gnoll.
The gnoll is heavily wounded.
The gnoll barely misses you.
You barely miss the gnoll. You claw the gnoll, but do no damage.
The gnoll is heavily wounded.
The gnoll misses you.
You closely miss the gnoll.
The gnoll is heavily wounded.
The gnoll hits you with a +0 halberd!
You closely miss the gnoll. You claw the gnoll!
You kill the gnoll!
The jackal closely misses you.
Your Dodging skill increases to level 4!
You closely miss the jackal. You claw the jackal.
The jackal is moderately wounded.
The jackal misses you.
You hit the jackal.
You kill the jackal!
You hit the gnoll. Your kick misses the gnoll.
The gnoll is moderately wounded.
The gnoll hits you with a +0 flail!
* * * LOW HITPOINT WARNING * * *
The gnoll attacks as you move away! The gnoll hits you with a +0 flail!
You die...

.... #g#.#. >... #.#.#.
#..... #...#. ##.### #+#
#.... #.# #####
#.###############.#######
#.......@gg..........(...
#################.#######
#... #####


You could see 2 gnolls.

Vanquished Creatures
  A gnoll (D:3)
  An adder (D:2)
  A worm (D:2)
  2 dart slugs
  A ball python (D:1)
  5 endoplasms
  4 giant cockroaches
  9 goblins
  5 hobgoblins
  3 jackals (D:3)
  9 kobolds
  2 quokkas (D:2)
  3 bats (D:1)
  5 frilled lizards
  2 rats
53 creatures vanquished.

Notes
Turn   | Place    | Note
-------+----------+-------------------------------------------
     0 | D:1      | Iniera the Tengu Gladiator began the quest for the Orb.
     0 | D:1      | Reached XP level 1. HP: 12/12 MP: 2/2
    62 | D:1      | Found a faded altar of an unknown god.
   211 | D:1      | Found Kaimm's Book Shoppe.
   276 | D:1      | Reached XP level 2. HP: 13/17 MP: 3/3
   674 | D:1      | Found Muevvyci's Assorted Antiques.
   699 | D:1      | Reached XP level 3. HP: 22/22 MP: 4/4
  1089 | D:2      | Found Owonilis's Assorted Antiques.
  1134 | D:2      | Found Vinlas's General Store.
  1162 | D:2      | Reached XP level 4. HP: 15/27 MP: 5/5
  1560 | D:3      | Found a basalt altar of Yredelemnul.
  1568 | D:3      | Found a broken altar of Ashenzari.
  1627 | D:3      | Mangled by a gnoll

Illustrated notes

Levels and vault maps discovered:
D:1:      lemuel_arrival_broad_hall, layout_loops_corners,
          shapermc_ecumenical_altar_gd, serial_shops, shop_fountains,
          nicolae_shop_tiny_statue_garden, minmay_heptomino_w4
D:2:      layout_rooms, serial_shops, shop, nicolae_shop_advertising_works
          [nicolae_subvault_shop_adworks]
D:3:      layout_basic, lemuel_doored_altar, yredelemnul_altar_generic,
          evilmike_ruin_ashenzari

Skill      XL: |  1  2  3  4 |
---------------+-------------+-----
Short Blades   | 4 |  4.6
Dodging        | 4 |  4.0
Fighting       | |  2.8
Throwing       | |  2.0

Action                     |  1- 3 |  4- 6 || total
---------------------------+-------+-------++-------
  Melee: Rapier            |    94 |    32 ||   126
         Kick              |    22 |     7 ||    29
         Peck              |     6 |     4 ||    10
         Punch             |     1 |       ||     1
  Throw: Javelin           |       |     1 ||     1
         Throwing net      |       |     1 ||     1
    Use: Scroll            |     1 |     7 ||     8
   Stab: Distracted        |     1 |       ||     1
         Sleeping          |     1 |       ||     1
 Armour: Leather armour    |    25 |    13 ||    38
  Dodge: Dodged            |    61 |    24 ||    85

Table legend: (Time is in decaauts)
 A = Elapsed time spent in this place.
 B = Non-inter-level travel time spent in this place.
 C = Inter-level travel time spent in this place.
 D = Time resting spent in this place.
 E = Time spent auto-exploring this place.
 F = Levels seen in this place.
 G = Mean time per level.
                   A        B        C        D        E       F      G
               +--------+--------+--------+--------+--------+-----+--------+
         Total |   1626 |   1570 |     56 |     99 |   1109 |   3 |  542.0 |
       Dungeon |   1626 |   1570 |     56 |     99 |   1109 |   3 |  542.0 |
               +--------+--------+--------+--------+--------+-----+--------+

Top non-repeatable levels by time:
     D:1: 980 daAuts
     D:2: 574 daAuts
     D:3: 71 daAuts
